wizbiz, neutral female human Wizard ---------- |........| |..>.....-#####----- #.......^.| ##....| ------------- ###-+-------- # |<..| |*.........*| # ###############....| |.*.........| ### # # |...| |...-----...| ####################....| |...|.{.|...| ### # # ----- |..*|{.{|*..| # ----|---# |...|.{.|d&.| ### |..[...|# |...-.---d.f| # |......|# |........@d.-#### |...%..|# |*......[..f| |.......# ------------- |......| |......| -------- wizbiz the Thaumaturge Experience level: 8 Strength: 10 Dexterity: 11 Constitution: 14 Intelligence: 15 Wisdom: 11 Charisma: 11 Health: 0(73) Energy: 23(62) Def: 4 Gold: 1357 Moves: 8174 Dungeon seed: x_O0zZCMPaqA6nHW Game ID: wizbiz_1527190552 Your Inventory: Coins $ - 1357 gold pieces Weapons a - a blessed +1 quarterstaff (weapon in hands) Armor e - an uncursed +1 cloak of magic resistance (being worn) A - an uncursed +0 elven leather helm (being worn) P - an uncursed +0 pair of leather gloves (being worn) Comestibles t - an uncursed food ration K - 2 uncursed lembas wafers U - an uncursed slime mold Scrolls s - 3 uncursed scrolls of teleportation v - an uncursed scroll of confuse monster w - an uncursed scroll of destroy armor R - an uncursed scroll of create monster T - a blessed scroll of identify Potions B - an uncursed potion of healing Rings c - an uncursed +2 ring of increase damage (on left hand) d - an uncursed ring of sustain ability J - an uncursed ring of shock resistance L - an uncursed ring of slow digestion W - an uncursed ring of protection from shape changers Wands b - a wand of striking (0:6) o - a wand of light (0:15) Tools f - an uncursed tin opener h - an uncursed leash (in use) i - 3 uncursed wax candles (0:400) k - a bag of tricks (0:4) m - an uncursed leash p - an uncursed oil lamp (0:1100) u - a +0 unicorn horn x - a can of grease (0:11) E - an uncursed skeleton key Gems l - an uncursed dilithium crystal q - 2 uncursed worthless pieces of violet glass r - 3 uncursed worthless pieces of green glass z - an uncursed fluorite stone N - 2 uncursed worthless pieces of orange glass O - 2 uncursed jasper stones Y - an uncursed worthless piece of blue glass Spells and supernatural/magical abilities: Name Level Category Fail Memory a - force bolt 1 attack 0% 60% m - magic missile 2 attack 0% 68% r - remove curse 3 clerical 99% 68% E - detect food 2 divination 65% 60% K - cure sickness 3 healing 99% 60% O - create monster 2 clerical 65% 68% W - pray for help -- divine ? -- Your skills at the end: Fighting Skills Weapon Skills quarterstaff [Skilled] Spellcasting Skills attack spells [Skilled] enchantment spells [Basic] Final Attributes: You were piously aligned. You were sleep resistant. You were poison resistant. You were magic-protected. You had a +2 damage bonus. You are dead. Vanquished creatures: a large dog a wolf a lynx 2 spotted jellies an iron piercer an ogre a werewolf 2 Green-elves a lizard a chickatrice a dog a jaguar 2 dwarf lords 2 black unicorns 2 ravens a gnome mummy 2 Woodland-elves 2 water nymphs 4 Mordor orcs 8 Uruk-hai a rock piercer a pony a yellow light 3 shriekers a violet fungus 4 gnome lords 3 gnomish wizards a kobold mummy a gray ooze 3 elf zombies 2 straw golems 2 giant ants a little dog 2 floating eyes a kitten 5 dwarves a kobold lord a kobold shaman 10 hill orcs 3 rothes a rabid rat a centipede a monkey 2 werejackals an iguana 10 killer bees 3 acid blobs 6 coyotes a gas spore 2 hobbits 4 manes 2 large kobolds 3 giant rats 4 cave spiders 2 green molds 19 gnomes 4 garter snakes 4 geckos 15 jackals 2 foxes 3 kobolds 2 goblins 5 sewer rats 4 grid bugs 4 bats 4 lichens a kobold zombie 11 newts 205 creatures vanquished. Voluntary challenges: You had been an atheist until turn 5209. You used a wielded weapon 175 times, starting on turn 90. You read items or engraved 28 times, starting on turn 1. You never genocided any monsters. You polymorphed 1 item, starting on turn 6966. You never changed form. You used no wishes. You never split a pudding. You wrote Elbereth's name 1 time, starting on turn 8174. You violated your moral code, losing 56 points of alignment, starting on turn 1897. Dungeon overview: The Dungeons of Doom: levels 1 to 8 Level 1 a fountain a long staircase Level 2 a bookstore, a fountain Level 3 Level 4 stairs to The Gnomish Mines Level 5 Level 6 Level 7 <- You were here many fountains Level 8 The Gnomish Mines: levels 5 to 8 Level 5 stairs to The Dungeons of Doom Level 6 Level 7 many shops, a temple to Ptah, some fountains Level 8 History has recorded: On T:1 you entered the Dungeons of Doom to retrieve the Amulet of Yendor! On T:89 you reached level 2 of The Dungeons of Doom. On T:210 you advanced to experience level 2. On T:498 you reached level 3 of The Dungeons of Doom. On T:632 you advanced to experience level 3. On T:1820 you reached level 4 of The Dungeons of Doom. On T:2206 you advanced to experience level 4. On T:2606 you reached level 1 of The Gnomish Mines. On T:2656 you advanced to experience level 5. On T:2941 you reached level 2 of The Gnomish Mines. On T:3529 you advanced to experience level 6. On T:3582 you reached level 5 of The Dungeons of Doom. On T:3690 you reached level 6 of The Dungeons of Doom. On T:4508 you reached level 7 of The Dungeons of Doom. On T:4668 you reached level 8 of The Dungeons of Doom. On T:4966 you advanced to experience level 7. On T:5922 you reached level 3 of The Gnomish Mines. On T:5977 you reached level 4 of The Gnomish Mines. On T:6225 you advanced to experience level 8. Score breakdown: Gold: 1357 (10657 points) Experience: 8 levels (14739 points) Exploration: 8 levels ( 15.38%) (11114 points) Discoveries: 36 items ( 12.54%) (10625 points) Valuables value: (no points given unless you survive) Artifact value: 0 ( 0 points) Variety of kills: 68 monsters ( 17.85%) (12673 points) Turncount: 8174 turns (-2080 points) Survival: died (score multiplied by 80%) Total score: 46182 Latest messages: The winter wolf breathes frost! The blast of frost hits the winter wolf. The blast of frost hits you! The blast of frost bounces! The djinni swings her pick-axe at the winter wolf. The djinni misses the winter wolf. The large cat misses the wolf. The magic missile hits the winter wolf! (2x) The winter wolf bites! The wolf bites! The djinni swings her pick-axe at the winter wolf. The djinni misses the winter wolf. The large cat misses the wolf. You write in the dust with your fingers. The winter wolf turns to flee! The winter wolf misses the djinni. The wolf turns to flee! The wolf misses the large cat. The winter wolf breathes frost! The blast of frost hits the winter wolf. The blast of frost hits you! You die... Final status: Goodbye wizbiz the Wizard, killed by a blast of frost... You died in The Dungeons of Doom on dungeon level 7 with 46182 points, and 1357 pieces of gold, after 8174 moves. You were level 8 with a maximum of 73 hit points when you died.